 Dungeon Crawl Stone Soup version 0.28-a0-620-g539b0f7ac7 (webtiles) character file.

Game seed: 10768187629648012613

1 mordus the Chopper (level 1, -1/19 HPs)
             Began as a Hill Orc Monk on Oct 6, 2021.
             Slain by a hobgoblin (5 damage)
             ... on level 1 of the Dungeon.
             The game lasted 00:00:17 (67 turns).

mordus the Chopper (Hill Orc Monk)                    Turns: 67, Time: 00:00:18

Health: -1/19      AC:  2    Str: 13    XL:     1   Next: 20%
Magic:  1/1        EV: 12    Int: 10    God:
Gold:   13         SH:  0    Dex: 13    Spells: 0/0 levels left

rFire   . . .      SeeInvis .   a - +0 hand axe
rCold   . . .      Faith    .   (no shield)
rNeg    . . .      Spirit   .   b - +0 robe
rPois   .          Reflect  .   (no helmet)
rElec   .          Harm     .   (no cloak)
rCorr   .          Rampage  .   (no gloves)
Will    .....                   (no boots)
Stlth   ++........              (no amulet)
HPRegen 0.06/turn               (no ring)
MPRegen 0.07/turn               (no ring)

@: no status effects
A: no striking features
a: no special abilities


You were on level 1 of the Dungeon.
You visited 1 branch of the dungeon, and saw 1 of its levels.

You collected 13 gold pieces.

Inventory:

Hand Weapons
 a - a +0 hand axe (weapon)
Armour
 b - a +0 robe (worn)


   Skills:
 - Level 3.6 Fighting
 * Level 4.1 Axes
 + Level 0.1 Armour
 - Level 2.4 Dodging
 - Level 1.5 Stealth


You couldn't memorise any spells.
You didn't know any spells.
Your spell library was empty.

Dungeon Overview and Level Annotations

Branches:
Dungeon (1/15)

Altars:

Shops:
D:1 [


Message History

The hobgoblin shouts!
The frilled lizard hisses angrily.
The bat hits you. The goblin completely misses you.
There are monsters nearby!
You closely miss the goblin. You barely miss the bat. The bat hits you.
The goblin hits you with a +0 club. x2
There are monsters nearby!
You hit the bat.
You kill the bat!
You closely miss the hobgoblin. You hit the goblin but do no damage.
The hobgoblin hits you. The goblin hits you with a +0 club.
You are too injured to fight recklessly!
There are monsters nearby!
You are too injured to fight recklessly!
You are too injured to fight recklessly!
There are monsters nearby!
You are too injured to fight recklessly!
You hit the hobgoblin.
The hobgoblin is moderately wounded.
You closely miss the frilled lizard. You barely miss the goblin.
The hobgoblin misses you. The frilled lizard closely misses you.
The goblin hits you with a +0 club.
Unknown command.
The frilled lizard closely misses you. The hobgoblin completely misses you.
Found 7 gold pieces.
The frilled lizard misses you.
The frilled lizard bites you but does no damage.
You hit the frilled lizard.
You kill the frilled lizard!
You barely miss the hobgoblin.
The hobgoblin is moderately wounded.
The hobgoblin barely misses you.
The hobgoblin hits you but does no damage.
You hit the hobgoblin.
The hobgoblin is almost dead.
The hobgoblin hits you.
* * * LOW HITPOINT WARNING * * *
You closely miss the hobgoblin.
The hobgoblin is almost dead.
The hobgoblin hits you.
You die...

.........†......#
................#
............#.###
#.###......#
###+###......#
#.........####
#.........#
#.........######.$#.
#.........gg@.......
###...###########.#.
#...# #...# #...#
#...# #######>..#
####### ..∩......##
#.....# .........#
##.8.8.#


You could see a hobgoblin and a goblin.

Vanquished Creatures
  A bat (D:1)
  A frilled lizard (D:1)
2 creatures vanquished.

Notes
Turn   | Place    | Note
-------+----------+-------------------------------------------
     0 | D:1      | mordus the Hill Orc Monk began the quest for the Orb.
     0 | D:1      | Reached XP level 1. HP: 19/19 MP: 1/1
    24 | D:1      | Found Loac's Armour Shoppe.
    67 | D:1      | Slain by a hobgoblin

Illustrated notes

Levels and vault maps discovered:
D:1:      ncdulo_halloftheorcs, layout_basic, serial_forest,
          infiniplex_forest_clump_tiny, infiniplex_forest_clump_diagonal,
          infiniplex_forest_clump_cross, infiniplex_forest_end_2,
          infiniplex_forest_lined_ring, serial_shops, shop

Action                   || total
-------------------------++-------
Melee: Hand axe          ||     7
Armor: Robe              ||     2
Dodge: Dodged            ||     8

Table legend: (Time is in decaauts)
 A = Elapsed time spent in this place.
 B = Non-inter-level travel time spent in this place.
 C = Inter-level travel time spent in this place.
 D = Time resting spent in this place.
 E = Time spent auto-exploring this place.
 F = Levels seen in this place.
 G = Mean time per level.
                   A        B        C        D        E       F      G
               +--------+--------+--------+--------+--------+-----+--------+
         Total |     67 |     67 |      0 |      0 |     39 |   1 |   67.0 |
       Dungeon |     67 |     67 |      0 |      0 |     39 |   1 |   67.0 |
               +--------+--------+--------+--------+--------+-----+--------+

Top non-repeatable levels by time:
     D:1: 67 daAuts
